[Event "Paris GCT Rapid"]
[Site "Paris"]
[Date "2017.06.23"]
[Round "8"]
[White "Mamedyarov, Shakhriyar"]
[Black "Topalov, Veselin"]
[Result "1-0"]
[ECO "D31"]
[WhiteElo "2800"]
[BlackElo "2749"]
[PlyCount "69"]
[EventDate "2017.06.21"]
[EventType "tourn (rapid)"]
[EventRounds "9"]
[EventCountry "FRA"]
[EventCategory "22"]
[SourceTitle "CBM 179"]
[Source "ChessBase"]
[SourceDate "2017.07.12"]
[SourceVersion "1"]
[SourceVersionDate "2017.07.12"]
[SourceQuality "1"]
[TimeControl "1500"]

1. d4 d5 2. c4 e6 3. Nc3 Be7 4. cxd5 exd5 5. Bf4 c6 6. e3 Bf5 7. Bd3 Bxd3 8. Qxd3 Nf6 9. Nge2 Nbd7 10. h3 O-O 11. O-O Re8 12. f3 b5 13. a3 a5 14. e4 Nb6 15. e5 Nfd7 16. Bc1 b4 17. axb4 axb4 18.
Rxa8 Qxa8 19. Nd1 c5 20. f4 Bf8 21. Kh2 Qa2 22. Ne3 c4 23.
Qd1 Qb3 24. Qe1 f6 25. Rf3 Qa4 26. Qh4 Qc6 27. Rg3 g6 28. f5 fxe5 29. fxg6 hxg6 30. Nf5 Qf6 31. Qh5 Re6 32. Nh4 Bg7 33. Nxg6 Qf7 34. Bh6 Nf8 35. Bxg7 1-0

[Event "Paris GCT Rapid"]
[Site "Paris"]
[Date "2017.06.23"]
[Round "9"]
[White "Topalov, Veselin"]
[Black "Nakamura, Hikaru"]
[Result "0-1"]
[ECO "D37"]
[WhiteElo "2749"]
[BlackElo "2785"]
[PlyCount "86"]
[EventDate "2017.06.21"]
[EventType "tourn (rapid)"]
[EventRounds "9"]
[EventCountry "FRA"]
[EventCategory "22"]
[SourceTitle "CBM 179"]
[Source "ChessBase"]
[SourceDate "2017.07.12"]
[SourceVersion "1"]
[SourceVersionDate "2017.07.12"]
[SourceQuality "1"]
[TimeControl "1500"]

1. d4 Nf6 2. c4 e6 3. Nf3 d5 4. Nc3 Be7 5. Bf4 O-O 6. a3 c5 7. dxc5 Bxc5 8.
e3 Nc6 9. Qc2 Qa5 10. Nd2 Bb4 11. cxd5 exd5 12. Nb3 Bxc3+ 13. bxc3 Qd8 14. Be2 Ne4 15. f3 Nf6 16. g4 Be6 17. O-O Rc8 18. Qd2 Qe7 19. a4 Nd7 20.
a5 h5 21. h3 g5 22. Bg3 f5 23. Nd4 Nxd4 24. exd4 f4 25. Bf2 Qd6 26. Rfe1 Bf7 27. Bb5 Rfe8 28. Bxd7 Qxd7 29. Re5 Rxe5 30. dxe5 Re8 31. Bd4 Re6 32. Rb1 Be8 33. Qb2 b5 34. axb6 axb6 35. Ra1 hxg4 36. hxg4 Qh7 37. Ra8 Rh6 38. Qg2 Qb1+ 39. Kf2 Qc2+ 40. Kf1 Qd1+ 41. Kf2 Kf7 42. Ra2 Rh1 43. e6+ Ke7 0-1